 Dungeon Crawl Stone Soup version 0.32-a0-42-ga30500b4d3 (webtiles) character file.

Game seed: 12407257808066746714

60 gruber the Conjurer (level 3, 0/19 HPs)
             Began as a Deep Elf Conjurer on Feb 1, 2024.
             Slain by a goblin
             ... wielding a +0 club
             ... led by Robin
              (2 damage)
             ... on level 2 of the Dungeon.
             The game lasted 00:01:27 (1232 turns).

gruber the Conjurer (Deep Elf Conjurer)             Turns: 1232, Time: 00:01:27

Health: 0/19       AC:  2    Str:  4    XL:     3   Next: 80%
Magic:  3/10       EV: 12    Int: 24    God:
Gold:   32         SH:  0    Dex: 13    Spells: 6/9 levels left

rFire   . . .        (no weapon)
rCold   . . .        (no shield)
rNeg    . . .        a - +0 robe
rPois   .            (no helmet)
rElec   .            (no cloak)
rCorr   .            (no gloves)
SInv    .            (no boots)
Will    .....        (no amulet)
Stlth   ++           (no ring)
HPRegen 0.23/turn    (no ring)
MPRegen 0.12/turn

%: no passive effects
@: no status effects
A: no striking features
a: no special abilities


You were on level 2 of the Dungeon.
You visited 1 branch of the dungeon, and saw 2 of its levels.

You collected 32 gold pieces.

Inventory:

Armour
 a - a +0 robe (worn)
Scrolls
 c - a scroll of blinking {unknown}
 d - a scroll of identify {unknown}
 e - a scroll of fear {unknown}
 g - a scroll of butterflies {unknown}
 h - a scroll of enchant armour {unknown}
Potions
 f - a potion of mutation {unknown}
 i - a potion of curing {unknown}


   Skills:
 - Level 2.4 Dodging
 - Level 2.4 Stealth
 + Level 3.8 Spellcasting
 + Level 5.7 Conjurations


You had 6 spell levels left.
You knew the following spells:

 Your Spells              Type           Power      Damage    Failure   Level
a - Magic Dart            Conj           100%       1d8       1%          1
b - Searing Ray           Conj           64%        2d6       1%          2

Your spell library contained the following spells:

 Spells                   Type           Power      Damage    Failure   Level
 Foxfire                  Conj/Fire      72%        2x1d7     3%          1
 Fulminant Prism          Conj/Alch      9%         3d7       30%         4
 Iskenderun's Mystic Bla  Conj/Tloc      18%        2d6       30%         4
 Sticky Flame             Fire/Alch      4%         2d4       69%         4
 Summon Forest            Summ/Tloc      2%         N/A       95%         5
 Summon Mana Viper        Hex/Summ       4%         N/A       95%         5
 Plasma Beam              Fire/Air       2%         2x1d12    100%        6
 Summon Cactus Giant      Summ           2%         N/A       100%        6
 Ignition                 Fire           2%         3d3       100%        8


Dungeon Overview and Level Annotations

Branches:
Dungeon (2/15)

Altars:


Message History

Robin is heavily wounded. (Press . to maintain the ray.)
The goblin barely misses you. The goblin closely misses you.
Unknown command.
The searing ray hits the hobgoblin!
You kill the hobgoblin!
The searing ray hits Robin.
Robin is severely wounded.
The goblin closely misses you. The goblin hits you with a +0 club.
Unknown command.
Unknown command.
The searing ray hits Robin.
Robin is almost dead.
The searing ray hits the hobgoblin.
The hobgoblin is almost dead.
The goblin barely misses you. The goblin misses you.
Robin hits you with a +2 spectral club.
* * * LOW HITPOINT WARNING * * *
Unknown command.
The searing ray hits Robin.
You kill Robin!
The searing ray hits the hobgoblin!
You kill the hobgoblin!
You finish channelling your searing ray.
The goblin barely misses you. The goblin hits you with a +0 dagger.
* * * LOW HITPOINT WARNING * * *
Unknown command.
Unknown command.
Casting: Searing Ray (safe; 1% risk of failure)
Confirm with . or Enter, or press ? or * to list all spells.
Aiming: Searing Ray (safe; 1% risk of failure)
Press: ? - help, Shift-Dir - straight line, f - goblin
Aim: a goblin, wielding a +0 dagger (strong, 76% to hit)
The searing ray hits the goblin.
You kill the goblin!
The searing ray hits the orc.
The orc is heavily wounded. (Press . to maintain the ray.)
The goblin hits you with a +0 club.
You die...

....g.... ..# ..
....g..g## #.# .#...
.........# #.# .#....
.......<.# ##.##.......
.......................
........#####g........#
...#...## #.†.........
## ########)#.......#..
#..†o)@g#..........
...#######.....##...
##..........
##......#....
##.......# ...
###..#.....#
####...##.......#
#.....###.......#
#...............#


You could see an orc and 2 goblins.

Vanquished Creatures
  Robin (D:2)
  A ribbon worm (D:2)
  3 dart slugs (D:1)
  An orc (D:2)
  An endoplasm (D:1)
  4 giant cockroaches (D:1)
  5 goblins
  4 hobgoblins
  A jackal (D:2)
  4 kobolds (D:1)
  2 ball pythons (D:1)
  4 bats
  2 frilled lizards (D:1)
  5 rats (D:1)
38 creatures vanquished.

Notes
Turn   | Place    | Note
-------+----------+-------------------------------------------
     0 | D:1      | gruber the Deep Elf Conjurer began the quest for the Orb.
     0 | D:1      | Reached XP level 1. HP: 10/10 MP: 6/6
   218 | D:1      | Reached XP level 2. HP: 15/15 MP: 5/8
   367 | D:1      | Reached skill level 5 in Conjurations
   535 | D:1      | Got the Directory of Sparks
   740 | D:1      | Reached XP level 3. HP: 19/19 MP: 3/9
  1107 | D:1      | Learned a level 2 spell: Searing Ray
  1113 | D:2      | Noticed Robin
  1231 | D:2      | Killed Robin
  1232 | D:2      | Slain by a goblin

Illustrated notes

Levels and vault maps discovered:
D:1:      dpeg_arrival_signposts, layout_basic, minmay_tetromino_o2
D:2:      layout_rooms, basic_altar, minmay_misc_feat_square, uniq_robin

Skill      XL: |  1  2 |
---------------+-------+-----
Conjurations   | 5 |  5.7
Dodging        | |  2.4
Stealth        | |  2.4
Spellcasting   | |  3.8

Action                     || total
---------------------------++-------
  Melee: Unarmed           ||     2
   Cast: Magic Dart        ||    65
         Searing Ray       ||     2
    Use: Potion            ||     1
 Armour: Robe              ||    13
  Dodge: Dodged            ||    16

Table legend: (Time is in decaauts)
 A = Elapsed time spent in this place.
 B = Non-inter-level travel time spent in this place.
 C = Inter-level travel time spent in this place.
 D = Time resting spent in this place.
 E = Time spent auto-exploring this place.
 F = Levels seen in this place.
 G = Mean time per level.
                   A        B        C        D        E       F      G
               +--------+--------+--------+--------+--------+-----+--------+
         Total |   1232 |   1181 |     51 |     15 |   1016 |   2 |  616.0 |
       Dungeon |   1232 |   1181 |     51 |     15 |   1016 |   2 |  616.0 |
               +--------+--------+--------+--------+--------+-----+--------+

Top non-repeatable levels by time:
     D:1: 1153 daAuts
     D:2: 79 daAuts
